 Dungeon Crawl Stone Soup version 0.23.1 (webtiles) character file.

Game seed: 17076468211180875267

132 Marnok the Shield-Bearer (level 4, -4/41 HPs)
             Began as a Minotaur Fighter on Mar 5, 2019.
             Slain by a wight
             ... wielding a +0 great sword
              (17 damage)
             ... in a sewer.
             The game lasted 00:06:17 (1003 turns).

Marnok the Shield-Bearer (Minotaur Fighter)         Turns: 1003, Time: 00:06:17

Health: -4/41      AC:  7    Str: 20    XL:     4   Next: 92%
Magic:  3/3        EV:  7    Int:  5    God:
Gold:   8          SH:  9    Dex: 11    Spells: 3/3 levels left

rFire    . . .     SeeInvis .   a - +0 long sword
rCold    . . .     Gourm    .   c - +0 shield
rNeg     . . .     Faith    .   b - +0 scale mail
rPois    .         Spirit   .   (helmet restricted)
rElec    .         Reflect  .   (no cloak)
rCorr    .         Harm     .   (no gloves)
MR       .....                  (no boots)
Stlth    ..........             (no amulet)
HPRegen  0.13/turn              (no ring)
MPRegen  0.08/turn              (no ring)

@: lightly drained
A: retaliatory headbutt, horns 2
a: no special abilities


You were in a sewer.
You were hungry.

You visited 1 branch of the dungeon, and saw 3 of its levels.
You also visited: Sewer.

You collected 8 gold pieces.

Inventory:

Hand Weapons
 a - a +0 long sword (weapon)
Armour
 b - a +0 scale mail (worn)
 c - a +0 shield (worn)
Scrolls
 g - a scroll of teleportation {unknown}
Potions
 d - a potion of might
 e - a potion of cancellation {unknown}
 i - a potion of magic {unknown}
Comestibles
 f - 3 rations


   Skills:
 + Level 4.5(4.2) Fighting
 + Level 4.1(3.8) Long Blades
 + Level 4.2(3.9) Armour
 + Level 1.0(0.7) Dodging
 + Level 4.5(4.3) Shields


You had 3 spell levels left.
You didn't know any spells.
Your spell library was empty.

Dungeon Overview and Level Annotations

Branches:
Dungeon (3/15)

Altars:
Xom


Innate Abilities, Weirdness & Mutations

You reflexively headbutt those who attack you in melee.
You have a pair of horns on your head.


Message History

You miss the ufetubus. You block the ufetubus's attack. x2
The ufetubus closely misses you.
You riposte.
You slash the ufetubus!
You kill the ufetubus!
The kobold throws a stone.
The stone hits you but does no damage.
The wight hits you with a +0 great sword!
The kobold hits you but does no damage.
There is an open door, spattered with blood here.
You see here a kobold corpse.
You slash the kobold!
You kill the kobold!
The wight barely misses you.
You hit the wight but do no damage. Your headbutt misses the wight.
The wight hits you with a +0 great sword.
You feel drained.
You closely miss the wight.
The wight hits you with a +0 great sword.
You hit the wight but do no damage. You headbutt the wight!
The wight is heavily damaged.
The wight hits you with a +0 great sword!
You die...

_.⌠.+ ....+ ⌠... ..#
#############'####
#≈≈≈#≈≈≈≈≈≈#...#≈≈≈
#≈≈≈.≈≈≈≈≈≈...Z.5≈≈≈
#≈≈≈#)zZ...#...#.Z..
#≈≈≈#@#######≈## ####
#≈≈≈#(†....#≈≈≈#.....
#≈≈≈#≈≈≈≈..#≈≈≈#...≈≈
#≈≈≈#≈≈≈≈≈...≈....≈≈≈
#≈≈≈#≈≈≈≈≈≈#...#≈≈≈≈≈
#≈≈≈#≈≈≈≈≈≈≈...#≈≈≈≈≈
#≈≈≈≈≈≈#...#≈≈≈≈≈
#≈≈≈≈≈≈#...≈≈≈≈≈≈
#≈≈≈≈≈≈#...#≈≈≈≈≈


You could see a wight and a big kobold zombie.

Vanquished Creatures
  A big kobold zombie (Sewer)
  2 gnolls (D:1)
  3 shadow imps (Sewer)
  2 ufetubi (Sewer)
  2 oozes
  4 goblins (D:1)
  5 hobgoblins
  8 jackals (D:1)
  A ball python (D:1)
  12 bats
  11 kobolds
  3 rats (D:1)
54 creatures vanquished.

Notes
Turn   | Place    | Note
-------+----------+-------------------------------------------
     0 | D:1      | Marnok the Minotaur Fighter began the quest for the Orb.
     0 | D:1      | Reached XP level 1. HP: 19/19 MP: 0/0
    75 | D:1      | Reached XP level 2. HP: 24/27 MP: 1/1
   178 | D:1      | Reached XP level 3. HP: 29/33 MP: 2/2
   647 | D:2      | Found a shimmering altar of Xom.
   675 | D:3      | Found a glowing drain.
   685 | Sewer    | Entered a sewer
   740 | Sewer    | Reached XP level 4. HP: 39/41 MP: 3/3
   970 | Sewer    | Found an ancient bone altar of Kikubaaqudgha.
   996 | Sewer    | Reached skill level 1 in Dodging
  1003 | Sewer    | Slain by a wight

Skill      XL: |  1  2  3  4 |
---------------+-------------+-----
Fighting       | 4 |  4.5
Long Blades    | 3 4 |  4.1
Shields        | 4 |  4.5
Armour         | 4 |  4.2
Dodging        | 1 |  1.0

Action                   |  1- 3 |  4- 6 || total
-------------------------+-------+-------++-------
Melee: Long sword        |    82 |    46 ||   128
       Headbutt          |     9 |    11 ||    20
Armor: Scale mail        |    67 |    28 ||    95
Dodge: Dodged            |    44 |    16 ||    60
Block: Shield            |    61 |    22 ||    83
       Rpst.: Long sword |    16 |     8 ||    24
